 Dungeon Crawl Stone Soup version 0.29.1-1-gd02db6906a (webtiles) character file.

Game seed: 9596830843422727495

23 christhawk the Chopper (level 3, 0/23 HPs)
             Began as a Tengu Berserker on Sept 27, 2022.
             Was a Follower of Trog.
             Slain by a hobgoblin (1 damage)
             ... on level 1 of the Dungeon.
             The game lasted 00:01:19 (1000 turns).

christhawk the Chopper (Tengu Berserker)            Turns: 1000, Time: 00:01:20

Health: 0/23       AC:  3    Str: 19    XL:     3   Next: 0%
Magic:  4/4        EV: 12    Int:  7    God:    Trog [*.....]
Gold:   26         SH:  0    Dex: 13    Spells: 2/2 levels left

rFire   . . .      SeeInvis .   a - +1 hand axe
rCold   . . .      Faith    .   (no shield)
rNeg    . . .      Spirit   .   d - +0 leather armour
rPois   .          Reflect  .   (helmet restricted)
rElec   +          Harm     .   (no cloak)
rCorr   .          Rampage  .   (no gloves)
Will    .....      Rnd*Tele +   (boots unavailable)
Stlth   +.........              (no amulet)
HPRegen 0.07/turn               (no ring)
MPRegen 0.09/turn               (no ring)

@: brilliant
A: beak, talons 3, mutation resistance 1, electricity resistance, teleportitis 1
a: Renounce Religion, Berserk


You were on level 1 of the Dungeon.
You worshipped Trog.
Trog was aware of your devotion.
You visited 1 branch of the dungeon, and saw 1 of its levels.

You collected 26 gold pieces.

Inventory:

Hand Weapons
 a - a +1 hand axe (weapon)
Armour
 d - a +0 leather armour (worn)


   Skills:
 + Level 3.3 Fighting
 + Level 3.7 Axes
 + Level 2.4 Armour
 + Level 2.5 Dodging


You had 2 spell levels left.
You didn't know any spells.
Your spell library was empty.

Dungeon Overview and Level Annotations

Branches:
Dungeon (1/15)

Altars:


Innate Abilities, Weirdness & Mutations

You have a beak for a mouth.
You have claws for feet.
You are somewhat resistant to further mutation.
You are resistant to electric shocks. (rElec)
You are occasionally teleported next to monsters.


Message History

The hobgoblin closely misses you.
You barely miss the hobgoblin. Your kick misses the hobgoblin.
Your peck misses the hobgoblin. You barely miss the hobgoblin.
The hobgoblin hits you but does no damage.
The hobgoblin closely misses you.
A hobgoblin comes into view.
The hobgoblin shouts!
You hit the hobgoblin.
The hobgoblin is moderately wounded.
You hit the hobgoblin. The hobgoblin hits you.
* * * LOW HITPOINT WARNING * * *
The hobgoblin misses you.
You barely miss the hobgoblin. Your kick misses the hobgoblin.
You hit the hobgoblin.
You kill the hobgoblin!
Trog accepts your kill. The hobgoblin barely misses you.
You hit the hobgoblin but do no damage. Your kick misses the hobgoblin.
You peck the hobgoblin, but do no damage.
The hobgoblin hits you.
* * * LOW HITPOINT WARNING * * *
You hit the hobgoblin. You claw the hobgoblin.
The hobgoblin is severely wounded.
The hobgoblin barely misses you.
You hit the hobgoblin.
You kill the hobgoblin!
Trog accepts your kill.
You hit the hobgoblin. The hobgoblin hits you.
* * * LOW HITPOINT WARNING * * *
You have reached level 3!
Your experience leads to an increase in your attributes!
Increase (S)trength, (I)ntelligence, or (D)exterity?
You feel stronger. x2
You completely miss the hobgoblin. Your kick misses the hobgoblin.
The hobgoblin is severely wounded.
The hobgoblin barely misses you.
You hit the hobgoblin but do no damage.
The hobgoblin is severely wounded.
The hobgoblin hits you.
You die...

######..........#
#.########
#..........##########
#########.###...........
#.###.#######...#
#...........# ...#
########.#...#.# #...##
.......#.#####. #...#
#..........# #...
#.@.######## #..
#g.†....#########..
#...###............
..... ########...
....... #### .........
##......... #.........#


You could see a hobgoblin.

Vanquished Creatures
  3 ball pythons (D:1)
  3 hobgoblins (D:1)
  4 jackals (D:1)
  2 kobolds (D:1)
  3 quokkas (D:1)
  A bat (D:1)
  2 frilled lizards (D:1)
  3 rats (D:1)
21 creatures vanquished.

Notes
Turn   | Place    | Note
-------+----------+-------------------------------------------
     0 | D:1      | christhawk the Tengu Berserker began the quest for the Orb.
     0 | D:1      | Reached XP level 1. HP: 14/14 MP: 2/2
   257 | D:1      | Gained mutation: You are agile. (Dex +4, Str/Int -1)
                  | [potion of mutation]
   257 | D:1      | Gained mutation: Your spells are a little harder to cast,
                  | but a little more powerful. [potion of mutation]
   257 | D:1      | Gained mutation: You have a pair of small horns on your
                  | head. [potion of mutation]
   258 | D:1      | Lost mutation: Your spells are a little harder to cast, but
                  | a little more powerful. [potion of mutation]
   258 | D:1      | Lost mutation: You have a pair of small horns on your head.
                  | [potion of mutation]
   258 | D:1      | Lost mutation: You are agile. (Dex +4, Str/Int -1) [potion
                  | of mutation]
   258 | D:1      | Gained mutation: You are occasionally teleported next to
                  | monsters. [potion of mutation]
   258 | D:1      | Gained mutation: You are somewhat resistant to further
                  | mutation. [potion of mutation]
   258 | D:1      | Gained mutation: You are resistant to electric shocks.
                  | (rElec) [potion of mutation]
   351 | D:1      | Reached XP level 2. HP: 8/19 MP: 3/3
   999 | D:1      | Reached XP level 3. HP: 1/23 MP: 4/4
  1000 | D:1      | Slain by a hobgoblin

Illustrated notes

Levels and vault maps discovered:
D:1:      elethiomel_arrival_shortcut, layout_basic

Action                   || total
-------------------------++-------
Melee: Hand axe          ||    51
       Kick              ||    10
       Peck              ||     7
Invok: Berserk           ||     1
  Use: Scroll            ||     5
       Potion            ||     3
Armor: Animal skin       ||     2
       Leather armour    ||    12
Dodge: Dodged            ||    36
